 Dungeon Crawl Stone Soup version 0.31-a0-121-g1e386dd289 (webtiles) character file.

Game seed: 2983965883893622052

6426 appezilla the Grappler (level 10, -19/84 HPs)
             Began as a Troll Chaos Knight on May 31, 2023.
             Was a Plaything of Xom.
             Demolished by Frances
             ... wielding a +0 flail
              (26 damage)
             ... on level 12 of the Dungeon on June 1, 2023.
             The game lasted 00:42:58 (6037 turns).

appezilla the Grappler (Troll Chaos Knight)         Turns: 6037, Time: 00:43:00

Health: -19/84     AC: 11    Str: 25 (26) XL:     10   Next: 67%
Magic:  0/9        EV: 11    Int:  8      God:    Xom [*.....]
Gold:   217        SH:  0    Dex:  9      Spells: 7/9 levels left

rFire   + .          .
                       - Unarmed
rCold   + . .        (no shield)
rNeg    . . .        H - +2 robe {rF+}
rPois   .            (helmet restricted)
rElec   .            w - +2 cloak {Will+}
rCorr   .            (gloves unavailable)
SInv    .            (boots unavailable)
Will    +....        t - amulet of guardian spirit
Stlth   ++           f - ring of protection from cold
HPRegen 1.14/turn    r - +2 ring of protection
MPRegen 0.11/turn

%: guardian spirit
@: lethally poisoned (-19 -> -24), spiked, unable to read
A: large, unfitting armour, claws 3, regeneration 1, shaggy fur 1, tough skin 1,
horns 1, deterioration 1, frail 1, subdued magic 1, inability to read after
injury 1
a: Renounce Religion


You were on level 12 of the Dungeon.
You worshipped Xom.
You were a special plaything of Xom.
You visited 1 branch of the dungeon, and saw 10 of its levels.

You collected 357 gold pieces.
You spent 140 gold pieces at shops.

Inventory:

Hand Weapons
 g - a +0 mace
 h - a +5 battleaxe of freezing
 j - a +2 mace of protection
 p - a +0 scythe
 s - a +1 dagger of venom
 v - a +3 quarterstaff of chaos
 A - a +8 spear
 B - a +4 falchion
 C - a +0 great mace
Missiles
 x - 4 throwing nets
Armour
 a - a +2 robe
 c - a +0 ring mail
 m - a +0 pair of gloves
 w - a +2 cloak of willpower (worn)
 H - a +2 robe of fire resistance (worn)
 J - a +0 troll leather armour
Magical Staves
 E - a staff of earth
Jewellery
 f - a ring of protection from cold (left claw)
 r - a +2 ring of protection (right claw)
 t - an amulet of guardian spirit (around neck)
Wands
 o - a wand of flame (21)
 q - a wand of roots (18)
 y - a wand of polymorph (11)
 D - a wand of mindburst (22)
Scrolls
 d - 3 scrolls of immolation
 k - 2 scrolls of teleportation
 l - a scroll of identify
 I - a scroll of noise
 K - a scroll of amnesia
 L - a scroll of fog {unknown}
Potions
 e - 2 potions of curing
 i - a potion of attraction
 n - a potion of enlightenment
 u - 2 potions of degeneration
 z - 3 potions of haste {unknown}
 F - a potion of heal wounds {unknown}
 G - 2 potions of magic {unknown}
Miscellaneous
 b - a piece from Xom's chessboard (11/15) (quivered)


   Skills:
 + Level 4.9 Fighting
 + Level 6.9 Dodging
 + Level 2.8 Stealth
 + Level 12.3 Unarmed Combat
 + Level 2.0 Evocations


You had 7 spell levels left.
You knew the following spells:

 Your Spells              Type           Power      Damage    Failure   Level
a - Blink                 Tloc           0%         N/A       50%         2

Your spell library contained the following spells:

 Spells                   Type           Power      Damage    Failure   Level
 Lesser Beckoning         Tloc           0%         N/A       50%         2
 Momentum Strike          Conj/Tloc      0%         3d8       50%         2


Dungeon Overview and Level Annotations

Branches:
Dungeon (12/15)            Temple (0/1) D:7
   Lair: D:8-11         Orc: D:9-12

Altars:
Elyvilon
Hepliaklqana
Kikubaaqudgha
Makhleb
Nemelex Xobeh
Uskayaw
Yredelemnul

Shops:
D:1 *   D:4 =

Annotations:
D:12 Frances


Innate Abilities, Weirdness & Mutations

You are too large for most types of armour.
You have claws for hands.
Your natural rate of healing is unusually fast.
You are covered in fur. (AC +1)
You have tough skin. (AC +1)
You have a pair of small horns on your head.
Your body sometimes deteriorates upon taking damage.
You are frail. (-10% HP)
Your spells are a little easier to cast, but a little less powerful.
You occasionally lose the ability to read scrolls when taking damage.


Message History

Frances whispers indecipherable words.
Frances chants phrases taken from a devil's mouth.
You scratch the ynoxinul but do no damage.
The ynoxinul disappears in a puff of smoke!
The orange demon stings you but does no damage.
You mangle the chaos spawn!!
You headbutt the chaos spawn, but do no damage.
Your claw misses the chaos spawn.
The chaos spawn is severely wounded.
The orange demon stings you but does no damage.
The chaos spawn barely misses you.
You claw the chaos spawn!
You kill the chaos spawn!
The chaos spawn degenerates into a cloud of primal chaos!
The red devil hits you from afar with a +1 demon trident of freezing.
Barbed spikes become lodged in your body.
The red devil freezes you. The orange demon stings you from afar.
You are poisoned.
The orange demon poisons you!
Frances screams a word of power!
The entropic shot hits you!!!
Ouch! That really hurt!
* * * LOW HITPOINT WARNING * * *
The barbs in your skin will harm you if you move.
Continue? [Y]es or [N]o only, please.
The barbs in your skin will harm you if you move.
Continue?
Okay, then.
You mangle Frances!! Your headbutt misses Frances. Your claw misses Frances.
Frances is moderately wounded.
You feel very sick. The orange demon completely misses you.
The red devil hits you from afar with a +1 demon trident of freezing!
* * * LOW HITPOINT WARNING * * *
Barbed spikes become lodged in your body.
The red devil freezes you.
* * * LOW HITPOINT WARNING * * *
Frances hits you with a +0 flail!!
You feel threatened and lose the ability to read scrolls!
You die...
Xom thinks this is hilarious!

# ####.#
#....#
##<######
#..@ยง...#
#.}.@4..#
#....4..#
.........#
..##.........
##
#.......###
#.......#
#.......#
#####.###


You could see Frances, an orange demon (summoned) and a red devil (summoned).

Vanquished Creatures
  Harold (D:11)
  A two-headed ogre (D:11)
  A deep elf pyromancer (D:11)
  A manticore (D:11)
  Psyche (D:8)
  A troll (D:11)
  Prince Ribbit (D:5)
  Sigmund (D:3)
  A wyvern (D:11)
  A yak (D:11)
  Eustachio (D:4)
  A water moccasin (D:6)
  An orc warrior (D:8)
  2 black bears
  3 ogres
  2 centaurs
  A phantom (D:4)
  A kobold brigand (D:4)
  A gnoll sergeant (D:6)
  3 scorpions
  10 wights
  Dowan (D:4)
  8 killer bees (D:11)
  An electric eel (D:7)
  3 howler monkeys (D:7)
  3 gnoll boudas
  5 hounds
  5 orc priests
  A jelly (D:4)
  Crazy Yiuf (D:4)
  2 iguanas
  3 orc wizards
  4 adders
  13 gnolls
  2 white imps
  3 ufetubi
  3 worms
  3 dart slugs
  32 orcs
  3 bats
  5 endoplasms
  3 giant cockroaches (D:4)
  6 goblins
  4 hobgoblins
  5 kobolds
  5 quokkas
  5 ball pythons
  6 rats
171 creatures vanquished.

Vanquished Creatures (collateral kills)
  An orc warrior (D:6)
  A hound (D:4)
  A hobgoblin (D:4)
3 creatures vanquished.

Grand Total: 174 creatures vanquished

Notes
Turn   | Place    | Note
-------+----------+-------------------------------------------
     0 | D:1      | appezilla the Troll Chaos Knight began the quest for the
                  | Orb.
     0 | D:1      | Reached XP level 1. HP: 22/22 MP: 0/0
    81 | D:1      | XOM: divination: magic mapping
   121 | D:1      | XOM: silly message
   169 | D:1      | Reached XP level 2. HP: 25/29 MP: 1/1
   506 | D:1      | Found a faded altar of an unknown god.
   516 | D:1      | Found Wowo's General Store.
   584 | D:2      | Reached XP level 3. HP: 33/36 MP: 2/2
   771 | D:2      | Found a hide-covered altar of Uskayaw.
  1338 | D:3      | Found an ancient bone altar of Kikubaaqudgha.
  1442 | D:3      | XOM is BORED!
  1442 | D:3      | XOM: noise
  1605 | D:3      | Found a hazy altar of Hepliaklqana.
  1741 | D:3      | Noticed Sigmund
  1750 | D:3      | Killed Sigmund
  1751 | D:3      | Reached skill level 4 in Unarmed Combat
  1751 | D:3      | Reached XP level 4. HP: 45/45 MP: 3/3
  1751 | D:3      | Reached XP level 5. HP: 53/53 MP: 4/4
  1753 | D:3      | Upgraded the game from 0.31-a0-117-g42d8f58691 to
                  | 0.31-a0-121-g1e386dd289
  1893 | D:4      | Reached skill level 5 in Unarmed Combat
  1893 | D:4      | Reached XP level 6. HP: 59/61 MP: 5/5
  1955 | D:4      | Found Taedghog's One-of-a-Kind Rings.
  1960 | D:4      | Bought a +2 ring of protection for 140 gold pieces
  1965 | D:4      | Noticed Duvessa
  1965 | D:4      | Noticed Dowan
  1965 | D:4      | Noticed Eustachio
  1973 | D:4      | XOM: summons friendly chaos spawn
  1977 | D:4      | Duvessa changed into Duvessa the hound
  1977 | D:4      | Noticed Duvessa
  1977 | D:4      | XOM: polymorph Duvessa -> Duvessa the hound
  1979 | D:4      | Killed Duvessa the hound
  1996 | D:4      | Killed Eustachio
  1997 | D:4      | Reached skill level 1 in Stealth
  1999 | D:4      | Reached skill level 6 in Unarmed Combat
  2004 | D:4      | Killed Dowan
  2005 | D:4      | Reached XP level 7. HP: 44/67 MP: 6/6
  2022 | D:4      | Found a burning altar of Makhleb.
  2441 | D:4      | Found a runed translucent door.
  2442 | D:4      | Noticed Crazy Yiuf
  2449 | D:4      | Killed Crazy Yiuf
  2601 | D:5      | XOM: noise
  2601 | D:5      | Entered Level 5 of the Dungeon
  2609 | D:5      | Reached skill level 7 in Unarmed Combat
  2612 | D:5      | XOM: divination: magic mapping
  2629 | D:5      | Reached XP level 8. HP: 52/75 MP: 7/7
  2690 | D:5      | XOM: enchant monster (bad)
  2706 | D:5      | Reached skill level 8 in Unarmed Combat
  3042 | D:5      | XOM: divination: detect creatures
  3050 | D:5      | Reached skill level 1 in Evocations
  3117 | D:5      | Found a white marble altar of Elyvilon.
  3188 | D:5      | Noticed Prince Ribbit
  3188 | D:5      | Found a basalt altar of Yredelemnul.
  3188 | D:5      | XOM: 7-stop teleportation journey
  3252 | D:5      | Killed Prince Ribbit
  3253 | D:5      | Reached skill level 9 in Unarmed Combat
  3495 | D:6      | XOM: confuse monster(s)
  3588 | D:6      | XOM: enchant monster (good)
  3607 | D:6      | Learned a level 2 spell: Blink
  3632 | D:6      | XOM: summons friendly ufetubus
  3635 | D:6      | Gained mutation: Your body sometimes deteriorates upon
                  | taking damage. [potion of mutation]
  3635 | D:6      | Gained mutation: You have a pair of small horns on your
                  | head. [potion of mutation]
  3637 | D:6      | Reached XP level 9. HP: 32/79 MP: 8/8
  3820 | D:6      | XOM: enchant monster (bad)
  3823 | D:6      | XOM: summons 4 friendly demons
  3838 | D:6      | Reached skill level 5 in Dodging
  3838 | D:6      | Reached skill level 10 in Unarmed Combat
  4088 | D:7      | XOM: silly message
  4131 | D:7      | Found a staircase to the Ecumenical Temple.
  4216 | D:7      | XOM: divination: magic mapping
  4627 | D:7      | XOM: scenery: summon butterflies
  4731 | D:7      | Found a sparkling altar of Nemelex Xobeh.
  4740 | D:7      | XOM: god gift: 57 gold pieces
  4950 | D:8      | Noticed Psyche
  4950 | D:8      | XOM: fake destruction
  4969 | D:8      | Killed Psyche
  5053 | D:8      | Reached skill level 11 in Unarmed Combat
  5123 | D:8      | You fall into a shaft and drop 3 floors!
  5182 | D:11     | Noticed a two-headed ogre
  5182 | D:11     | XOM: 1-stop teleportation journey
  5183 | D:11     | XOM: cast spell 'Dispersal'
  5185 | D:11     | XOM: enchant monster (bad)
  5187 | D:11     | Killed a two-headed ogre
  5188 | D:11     | Reached XP level 10. HP: 78/94 MP: 9/9
  5280 | D:11     | XOM: silly message
  5630 | D:11     | Noticed a deep elf pyromancer
  5636 | D:11     | Noticed a manticore
  5638 | D:11     | Killed a deep elf pyromancer
  5644 | D:11     | XOM: divination: detect creatures
  5647 | D:11     | Killed a manticore
  5802 | D:11     | Noticed Harold
  5812 | D:11     | XOM: swap monsters
  5814 | D:11     | Killed Harold
  5815 | D:11     | Reached skill level 12 in Unarmed Combat
  5967 | D:11     | XOM: summons 6 hostile demons
  5973 | D:11     | XOM: give mutations
  5973 | D:11     | Gained mutation: You are frail. (-10% HP) [Xom's mischief]
  5973 | D:11     | Gained mutation: Your spells are a little easier to cast,
                  | but a little less powerful. [Xom's mischief]
  5973 | D:11     | Gained mutation: You occasionally lose the ability to read
                  | scrolls when taking damage. [Xom's mischief]
  5977 | D:11     | XOM: summons 1 hostile demon
  5979 | D:11     | XOM: 4-stop teleportation journey
  6028 | D:12     | Noticed Frances
  6032 | D:12     | Noticed an orange demon
  6037 | D:12     | Demolished by Frances

Illustrated notes

Levels and vault maps discovered:
D:1:      minmay_arrival_jagged, layout_loops_ring, serial_shops, shop,
          ebering_ecumenical_altar_abandoned, st_stairs_8, chequers_avenue,
          minmay_lizard_king
D:2:      layout_basic, basic_altar
D:3:      layout_rooms, nzn_hepliaklqana_mist_gate, kiku_gazebo_pond_becter,
          uniq_sigmund
D:4:      layout_basic, mainiacjoe_overflow_brackets, interstate_on_off,
          nicolae_shop_unique_rings, minmay_misc_feat_x, minmay_vboxes,
          uniq_duvessa, uniq_eustachio, uniq_crazy_yiuf_cottage
D:5:      layout_basic, kennysheep_ying_yang, uniq_prince_ribbit1
D:6:      layout_basic, kennysheep_generic_room_10
D:7:      layout_basic, mainiacjoe_overflow_cross_hatched,
          minmay_temple_entry_tees, serial_bayou_lake_a
D:8:      layout_loops_ring, kennysheep_mini_moat, minmay_mini_ossuary,
          uniq_joseph, uniq_psyche, uniq_erica
D:11:     layout_grid_maze, minivault_19, uniq_harold
D:12:     layout_roguey, serial_shops, nicolae_shop_waterfront, minivault_16,
          uniq_frances, uniq_kirke, uniq_nergalle

Skill      XL: |  1  2  3  4  5  6  7  8  9 10 |
---------------+-------------------------------+-----
Dodging        | 2 3 4 5 6 |  6.9
Fighting       | 3 4 |  4.9
Unarmed Combat | 4 5 6 7 9 11 12 | 12.3
Stealth        | 1 2 |  2.8
Evocations     | 1 2 |  2.0

Action                     |  1- 3 |  4- 6 |  7- 9 | 10-12 || total
---------------------------+-------+-------+-------+-------++-------
  Melee: Unarmed           |   100 |    41 |   327 |    70 ||   538
         Punch             |     2 |       |    14 |     2 ||    18
         Spear             |       |       |     3 |       ||     3
         Headbutt          |       |       |    32 |    12 ||    44
  Evoke: Piece from Xom's  |     4 |       |    12 |     7 ||    23
         Wand              |       |       |       |     2 ||     2
    Use: Scroll            |       |     3 |     7 |       ||    10
         Potion            |       |       |     2 |     3 ||     5
   Stab: Sleeping          |     2 |       |     1 |       ||     3
         Confused          |       |       |     1 |       ||     1
         Paralysed         |       |       |     3 |       ||     3
 Armour: Robe              |    48 |    21 |   142 |    53 ||   264
  Dodge: Dodged            |    46 |    24 |   181 |    97 ||   348

Table legend: (Time is in decaauts)
 A = Elapsed time spent in this place.
 B = Non-inter-level travel time spent in this place.
 C = Inter-level travel time spent in this place.
 D = Time resting spent in this place.
 E = Time spent auto-exploring this place.
 F = Levels seen in this place.
 G = Mean time per level.
                   A        B        C        D        E       F      G
               +--------+--------+--------+--------+--------+-----+--------+
         Total |   5954 |   5074 |    880 |      0 |     13 |  10 |  595.4 |
       Dungeon |   5954 |   5074 |    880 |      0 |     13 |  10 |  595.4 |
               +--------+--------+--------+--------+--------+-----+--------+

Top non-repeatable levels by time:
    D:11: 889 daAuts
     D:7: 840 daAuts
     D:5: 822 daAuts
     D:2: 736 daAuts
     D:4: 728 daAuts
     D:6: 608 daAuts
     D:1: 566 daAuts
     D:3: 552 daAuts
     D:8: 202 daAuts
    D:12: 8 daAuts
